 Dungeon Crawl Stone Soup version 0.24-a0-269-g32ec7ca (webtiles) character file.

Game seed: 3480247206976245325

110790 Firecrotchwizard the Severer (level 16, -8/147 HPs)
             Began as a Hill Orc Fighter on Apr 21, 2019.
             Was an Elder of Beogh.
             Mangled by an alligator (14 damage)
             ... on level 4 of the Swamp.
             The game lasted 01:47:09 (28888 turns).

Firecrotchwizard the Severer (Hill Orc Fighter)    Turns: 28888, Time: 01:47:10

Health: -8/147     AC: 30    Str: 26    XL:     16   Next: 56%
Magic:  19/27      EV: 10    Int:  8    God:    Beogh [****..]
Gold:   2586       SH: 16    Dex: 10    Spells: 15/15 levels left

rFire    . . .     SeeInvis .   y - +6 broad axe (freeze)
rCold    + + .     Gourm    .   c - +0 shield
rNeg     . . .     Faith    .   G - +2 plate armour {rC+}
rPois    +         Spirit   .   Y - +2 helmet
rElec    .         Reflect  +   a - +1 cloak of Gehenna {rC+}
rCorr    .         Harm     .   R - +0 pair of gloves
MR       +....                  v - +0 pair of boots
Stlth    ..........             Q - +2 amulet of reflection
HPRegen  0.34/turn              w - ring of poison resistance {rPois, !d}
MPRegen  0.20/turn              q - +5 ring of protection

@: no status effects
A: no striking features
a: Smiting, Recall Orcish Followers, Renounce Religion


You were on level 4 of the Swamp.
You worshipped Beogh.
Beogh was greatly pleased with you.
You were hungry.

You visited 4 branches of the dungeon, and saw 26 of its levels.
You also visited: Ice Cave.

You collected 3165 gold pieces.
You spent 579 gold pieces at shops.

Inventory:

Hand Weapons
 e - a +0 trident
   (You found it on level 2 of the Orcish Mines)
 y - a +6 broad axe of freezing (weapon)
   (You found it on level 2 of the Orcish Mines)
 B - the +6 battleaxe "Begu" {chop, rPois Dex+4}
   (You found it on level 11 of the Dungeon)

   It inflicts extra damage upon your enemies.
   It affects your dexterity (+4).
   It protects you from poison.
 C - a +3 trident of freezing
   (You found it on level 2 of the Swamp)
Missiles
 j - 2 throwing nets {=f, !d}
 m - 25 javelins (quivered)
Armour
 a - the +1 cloak of Gehenna (worn) {rC+}
   (You bought it in a shop on level 2 of the Orcish Mines)

   It protects you from cold.
 c - a +0 shield (worn)
 v - a +0 pair of boots (worn)
   (You found it on level 3 of the Dungeon)
 G - a +2 plate armour of cold resistance (worn)
   (You found it on level 5 of the Lair of Beasts)
 J - the +8 plate armour "Zollitot" {rPois Dex+3 Slay-5}
   (You found it on level 14 of the Dungeon)

   It affects your dexterity (+3).
   It affects your accuracy and damage with ranged weapons and melee attacks
   (-5).
   It protects you from poison.
 R - a +0 pair of gloves (worn)
   (You found it on level 2 of the Lair of Beasts)
 Y - a +2 helmet (worn)
   (You found it on level 12 of the Dungeon)
Jewellery
 b - a +2 ring of evasion
   (You found it on level 9 of the Dungeon)
 q - a +5 ring of protection (right hand)
   (You found it in an ice cave)
 w - a ring of poison resistance (left hand) {rPois, !d}
   (You found it on level 14 of the Dungeon)
 L - a +5 amulet of reflection
   (You found it on level 4 of the Swamp)
 Q - a +2 amulet of reflection (around neck)
   (You found it in an ice cave)
 V - an uncursed ring of flight {+Fly, !d}
   (You found it in an ice cave)
Wands
 h - a wand of polymorph (15)
   (You found it on level 4 of the Lair of Beasts)
 t - a wand of paralysis (6)
   (You found it on level 12 of the Dungeon)
 U - a wand of iceblast (20)
   (You found it on level 1 of the Lair of Beasts)
 W - a wand of flame (14)
   (You found it on level 2 of the Swamp)
 X - a wand of disintegration (41)
   (You found it on level 2 of the Lair of Beasts)
Scrolls
 g - 5 scrolls of enchant armour
 i - 5 scrolls of fog
 k - 12 scrolls of remove curse
 l - 5 scrolls of identify
 n - 12 scrolls of teleportation
 o - 3 scrolls of magic mapping {!r}
 p - 5 scrolls of fear
 u - 5 scrolls of enchant weapon
 x - 7 scrolls of amnesia
 E - a scroll of random uselessness
 I - a scroll of blinking {!r}
 M - 2 scrolls of immolation {!r}
Potions
 d - 5 potions of might
 r - a potion of cancellation
 s - 4 potions of haste
 z - 3 potions of berserk rage {unknown}
 A - a potion of lignification {unknown}
 D - 8 potions of magic
 F - 4 potions of mutation {!q}
 H - 2 potions of brilliance
 K - 4 potions of flight
 N - 3 potions of agility
 O - a potion of ambrosia {unknown}
 S - 3 potions of invisibility
Miscellaneous
 P - a lamp of fire
   (You found it on level 9 of the Dungeon)
 Z - a phantom mirror
Comestibles
 f - 30 rations


   Skills:
 + Level 14.3 Fighting
 - Level 18.1 Axes
 + Level 10.6 Armour
 + Level 7.6 Dodging
 - Level 15.0 Shields
 + Level 15.3 Invocations


You had 15 spell levels left.
You didn't know any spells.
Your spell library contained the following spells:

 Spells                   Type           Power        Failure   Level  Hunger
 Animate Skeleton         Necr           N/A          98%         1    ##.....
 Apportation              Tloc           #.....       98%         1    ##.....
 Confusing Touch          Hex            #.....       98%         1    ##.....
 Summon Butterflies       Summ           #.......     98%         1    ##.....
 Summon Small Mammal      Summ           #...         98%         1    ##.....
 Call Imp                 Summ           #.......     99%         2    ###....
 Call Canine Familiar     Summ           #.......     100%        3    ####...
 Confuse                  Hex            #.......     100%        3    ####...
 Gell's Gravitas          Tloc           #.........   100%        3    ####...
 Lesser Beckoning         Tloc           #.........   100%        3    ####...
 Summon Guardian Golem    Hex/Summ       #.......     100%        3    ####...
 Tukima's Dance           Hex            #.......     100%        3    ####...
 Leda's Liquefaction      Hex/Erth       #.........   100%        4    #####..
 Petrify                  Tmut/Erth      #.......     100%        4    #####..
 Summon Ice Beast         Ice/Summ       #.......     100%        4    #####..
 Summon Lightning Spire   Summ/Air       #.......     100%        4    #####..
 Alistair's Intoxication  Tmut/Pois      #.......     100%        5    ######.
 Bolt of Magma            Conj/Fire/Erth #.........   100%        5    ######.
 Metabolic Englaciation   Hex/Ice        #.........   100%        5    ######.
 Yara's Violent Unravell  Hex/Tmut       #.........   100%        5    ######.
 Invisibility             Hex            #.......     100%        6    #######
 Iron Shot                Conj/Erth      #.........   100%        6    #######
 Statue Form              Tmut/Erth      #........    100%        6    #######
 Shatter                  Erth           #.........   100%        9    #######


Dungeon Overview and Level Annotations

Branches:
Dungeon (14/15)            Temple (0/1) D:4            Lair (6/6) D:8
  Swamp (4/4) Lair:2       Spider (0/4) Lair:3        Slime (0/5) Lair:5
    Orc (2/2) D:12            Elf (0/3) Orc:2        Vaults (0/5) D:13

Altars:
Ashenzari
Cheibriados
Dithmenos
Elyvilon
Gozag
Hepliaklqana
Kikubaaqudgha
Makhleb
Nemelex Xobeh
Okawaru
Qazlal
Sif Muna
Vehumet
Yredelemnul
Zin
Beogh
Jiyva

Shops:
D:5 [   D:8 !   D:11 (   D:12 ?   Orc:2 *[=(

Portals:
Hell: Lair:6

Annotations:
D:7 3 runed translucent doors, DankestMemes's ghost, novice DrWz; bnnt9616's ghost, novice TrMo; gramm's ghost, novice CeAK; sleeves's ghost, novice MiCK
Lair:1 exclusion: oklob plant
Swamp:2 exclusion: oklob plant
Swamp:4 Lernaean hydra


Message History

The noxious blast engulfs the six-headed hydra but does no damage.
You block the six-headed hydra's attack.
The six-headed hydra bites you.
* * * LOW HITPOINT WARNING * * *
The six-headed hydra bites you but does no damage.
The six-headed hydra barely misses you.
You block the six-headed hydra's attack. x2
You take 2 damage, and have 39/147 hp.
You lop one of the six-headed hydra's heads off!
The five-headed hydra grows two more!
You slice the seven-headed hydra!!
The seven-headed hydra seems to slow down.
You freeze the seven-headed hydra.
You chop one of the seven-headed hydra's heads off!
The six-headed hydra grows two more!
You slash the eight-headed hydra!
The eight-headed hydra seems to slow down.
You freeze the eight-headed hydra.
You chop one of the eight-headed hydra's heads off!
The seven-headed hydra grows two more!
You open the nine-headed hydra like a pillowcase!!!
The nine-headed hydra seems to slow down.
You freeze the nine-headed hydra!
You block the nine-headed hydra's attack.
The nine-headed hydra bites you!
* * * LOW HITPOINT WARNING * * *
The nine-headed hydra closely misses you.
The nine-headed hydra bites you but does no damage.
The nine-headed hydra closely misses you.
You block the nine-headed hydra's attack. x2
The nine-headed hydra barely misses you.
You block the nine-headed hydra's attack.
You take 7 damage, and have 33/147 hp.
You barely miss the nine-headed hydra.
You hack one of the nine-headed hydra's heads off!
The eight-headed hydra grows two more!
You slash the ten-headed hydra!
The ten-headed hydra seems to slow down.
You freeze the ten-headed hydra.
The ten-headed hydra bites you but does no damage.
The ten-headed hydra misses you.
You block the ten-headed hydra's attack.
The ten-headed hydra bites you but does no damage.
The ten-headed hydra barely misses you.
You block the ten-headed hydra's attack.
The ten-headed hydra barely misses you.
The ten-headed hydra closely misses you.
The ten-headed hydra bites you but does no damage.
You block the ten-headed hydra's attack.
You slice one of the ten-headed hydra's heads off!
The nine-headed hydra grows two more!
You hit the 11-headed hydra. You freeze the 11-headed hydra.
You hear a deafening roar!
You chop one of the 11-headed hydra's heads off!
The ten-headed hydra grows two more!
You hit the 12-headed hydra. You freeze the 12-headed hydra.
You block the 12-headed hydra's attack. x2
The 12-headed hydra bites you!
* * * LOW HITPOINT WARNING * * *
You block the 12-headed hydra's attack.
The 12-headed hydra bites you but does no damage. x2
You block the 12-headed hydra's attack.
The 12-headed hydra bites you but does no damage.
The 12-headed hydra bites you.
* * * LOW HITPOINT WARNING * * *
The 12-headed hydra bites you!
* * * LOW HITPOINT WARNING * * *
The 12-headed hydra bites you but does no damage.
The 12-headed hydra bites you!
* * * LOW HITPOINT WARNING * * *
You take 30 damage, and have 4/147 hp.
MASSIVE DAMAGE!!
You barely miss the 12-headed hydra.
The swamp drake breathes noxious fumes at you.
The noxious blast engulfs the 12-headed hydra but does no damage.
Okay, then.
You chop one of the 12-headed hydra's heads off!
The 11-headed hydra grows two more!
You slice the 13-headed hydra!!
The 13-headed hydra seems to slow down.
You freeze the 13-headed hydra!
You kill the 13-headed hydra!
Beogh accepts your kill.
Something barely misses the swamp dragon.
Something tail-slaps the swamp dragon but does no damage.
Okay, then.
Smite: a swamp dragon (noxious fumes, moderately wounded)
You smite the swamp dragon!
Something bites the swamp dragon!!
Something barely misses the swamp dragon.
You block the swamp dragon's attack. x2
The swamp dragon tramples you but does no damage.
You now have 22/27 mp.
Smite: a swamp dragon (noxious fumes, almost dead)
You smite the swamp dragon!
You kill the swamp dragon!
Beogh accepts your kill.
You can no longer walk on water.
You can no longer give items to your followers.
You now have 19/27 mp.
You slash the swamp drake! You freeze the swamp drake.
Something bites the swamp drake!
Something tail-slaps the swamp drake!
The swamp drake dies!
Things that are here:
a swamp drake corpse; a hydra corpse You slash the alligator!
You freeze the alligator! The alligator bites you!
You die...

≈#≈≈≈≈≈.≈≈≈≈≈≈.≈.##
.≈.≈≈≈.#§#.###≈≈.≈≈#
.≈≈.≈≈#..≈≈####.≈≈##
≈≈≈≈≈..≈.≈.≈# ###.#
.≈.#≈≈#≈.≈≈≈## ##≈#
§≈≈≈#≈≈≈.≈.≈.###.##
.≈≈≈#≈#≈.≈≈.≈≈###≈#
.≈≈.#≈≈≈.≈.≈≈≈###/#
≈........≈≈≈≈##≈@##
≈≈≈.##≈.≈#≈###≈#.t≈#
≈≈#≈#≈#≈≈### # ≈..≈#
####≈##### ###φ## #
### ## ♣♣♣♣ ♣♣♣
♣♣..♣♣ ♣♣.♣
♣≈≈≈.♣♣♣≈♣♣
♣^..#.≈≈♣♣


You could see an alligator (confused).

Vanquished Creatures
  A thorn hunter (Swamp:4)
  A very ugly thing (Swamp:4)
  2 ice dragons (IceCv)
  15 hydras
  The ghost of brasw1bg the Fighter, a journeyman OgHu of Cheibriados (D:11)
  2 shambling mangroves (Swamp:2)
  4 centaur warriors
  3 ghost crabs
  9 alligators
  2 two-headed ogres
  4 death yaks (Lair:4)
  Urug (Orc:1)
  3 spriggan druids
  A sixfirhy (Lair:6)
  Pikel (D:5)
  9 swamp dragons
  An oklob plant (Swamp:2)
  A cyclops (D:13)
  2 deep elf magi
  A salamander (shapeshifter) (D:13)
  An ugly thing (D:13)
  2 ice statues (IceCv)
  3 black mambas
  A centaur skeleton (D:14)
  An orange demon (Lair:6)
  9 spiny frogs
  5 rime drakes
  4 komodo dragons
  2 yaktaurs (D:14)
  A tengu conjurer (D:13)
  A jumping spider (Lair:3)
  3 trolls
  A queen bee (shapeshifter) (D:13)
  3 hornets (Swamp:2)
  2 tyrant leeches
  3 hippogriffs
  2 bog bodies
  8 blink frogs
  6 slime creatures
  A shadow (Swamp:1)
  2 spriggans (Swamp:2)
  A redback (Lair:3)
  A wyvern (D:12)
  A basilisk (Lair:6)
  7 wraiths
  13 yaks
  8 vampire mosquitoes
  11 insubstantial wisps
  5 swamp worms
  An acid dragon (D:14)
  2 hell hounds (Lair:6)
  5 water moccasins
  Duvessa (D:7)
  9 porcupines
  2 phantoms
  3 sky beasts
  18 swamp drakes
  8 orc warriors
  A black bear (shapeshifter) (D:14)
  18 ice beasts
  3 slaves (D:5)
  An eye of draining (D:12)
  A black bear (D:12)
  5 ogres
  27 wolves
  6 centaurs
  4 crocodiles
  2 big kobolds
  9 bullfrogs
  A gnoll sergeant (D:12)
  Dowan (D:7)
  A wyvern skeleton (D:14)
  10 killer bees
  A spectral bullfrog (D:11)
  7 howler monkeys
  7 electric eels
  A centaur zombie (D:10)
  4 crimson imps
  2 bullfrog zombies
  A quasit (D:12)
  7 hounds
  3 jellies
  3 orc priests
  2 bullfrog skeletons
  A wyvern simulacrum (D:12)
  8 orc wizards
  An iguana (D:7)
  7 worker ants
  14 adders
  5 gnolls
  A howler monkey skeleton (D:6)
  3 shadow imps
  5 white imps (D:12)
  An ufetubus (D:12)
  3 oozes (D:1)
  An adder skeleton (D:5)
  An adder zombie (D:7)
  5 worms
  3 dart slugs
  5 leopard geckos
  38 orcs
  A ball python (D:2)
  3 bats
  5 giant cockroaches
  6 goblins
  5 hobgoblins
  8 jackals
  19 kobolds
  8 quokkas
  5 frilled lizards
  13 rats
  2 butterflies (Lair:1)
  A fungus (Lair:6)
  A plant (Lair:2)
528 creatures vanquished.

Vanquished Creatures (collateral kills)
  2 thorn hunters (Swamp:2)
  Louise (D:14)
  An orc warlord (Orc:2)
  An ettin (Orc:1)
  Josephine (D:10)
  A fire dragon (D:13)
  A shambling mangrove (Swamp:2)
  7 hydras
  2 two-headed ogres
  A centaur warrior (D:13)
  2 alligators (Swamp:2)
  7 death yaks
  3 orc high priests (Orc:2)
  A tengu warrior (D:13)
  3 skeletal warriors (D:13)
  A deep troll (D:13)
  An unseen horror (shapeshifter) (D:13)
  A swamp dragon (Swamp:2)
  A wizard (Lair:6)
  5 orc sorcerers
  5 ugly things
  An oklob plant (Swamp:2)
  4 orc knights
  2 deep elf magi (D:12)
  A manticore (D:13)
  A centaur zombie (D:14)
  2 orange demons (Lair:6)
  5 black mambas
  10 spiny frogs
  A centaur skeleton (D:12)
  4 rime drakes (Lair:6)
  A freezing wraith (D:13)
  6 komodo dragons
  A yaktaur (D:14)
  A hellwing (Lair:6)
  A tengu conjurer (D:13)
  3 jumping spiders (Lair:3)
  2 ice devils (Lair:6)
  12 hornets
  5 tyrant leeches
  2 polar bears
  A merfolk (D:13)
  2 bog bodies
  3 hippogriffs
  10 blink frogs
  A spectral meliai (D:11)
  3 spriggans
  3 centaur simulacra
  2 redbacks (Lair:3)
  A shadow (D:14)
  21 yaks
  2 wraiths (D:10)
  A water elemental (D:13)
  3 basilisks
  12 vampire mosquitoes
  5 swamp worms
  An acid dragon (D:12)
  5 insubstantial wisps
  A warg (Orc:2)
  2 hell hounds (Lair:6)
  5 water moccasins
  4 ice beasts
  3 porcupines
  A black bear (D:13)
  2 swamp drakes
  14 orc warriors
  A phantom (D:12)
  3 eyes of draining
  4 ogres
  34 wolves
  3 centaurs
  4 crocodiles
  A big kobold (D:9)
  7 bullfrogs
  A wyvern skeleton (D:12)
  2 killer bees
  2 bullfrog zombies (D:11)
  4 crimson imps
  A jelly (D:14)
  3 orc priests
  A hound (D:10)
  10 orc wizards
  7 worker ants
  A bullfrog simulacrum (D:12)
  4 gnolls
  10 white imps (D:12)
  20 orcs
  2 jackals (D:11)
  A quokka (D:12)
  5 kobolds
  A briar patch (Swamp:2)
  4 fungi
  7 plants
364 creatures vanquished.

Vanquished Creatures (others)
  A centaur warrior (D:14)
  An alligator (Swamp:3)
  An orc high priest (Orc:2)
  Urug (Swamp:2)
  2 orc sorcerers (Swamp:2)
  5 orc knights
  A spiny frog (Swamp:4)
  24 orc warriors
  A swamp drake (Swamp:4)
  A centaur (D:14)
  19 orc priests
  17 orc wizards
  63 orcs
  3 briar patches (Swamp:4)
  16 fungi
  5 plants
161 creatures vanquished.

Grand Total: 1053 creatures vanquished

Notes
Turn   | Place    | Note
-------+----------+-------------------------------------------
     0 | D:1      | Firecrotchwizard the Hill Orc Fighter began the quest for
                  | the Orb.
     0 | D:1      | Reached XP level 1. HP: 19/19 MP: 1/1
    42 | D:1      | Reached skill level 3 in Axes
   270 | D:1      | Reached XP level 2. HP: 22/27 MP: 2/2
   656 | D:1      | Reached skill level 4 in Fighting
   656 | D:1      | Reached XP level 3. HP: 33/33 MP: 3/3
   678 | D:1      | Reached skill level 4 in Axes
  1228 | D:2      | Found a shattered altar of Ashenzari.
  1232 | D:2      | Saw a vision of the Swamp and the Spider Nest.
  1232 | D:2      | Noticed an alligator
  1232 | D:2      | Noticed an alligator
  1232 | D:2      | Noticed an alligator
  1232 | D:2      | Noticed an alligator
  1232 | D:2      | Noticed a wolf spider
  1232 | D:2      | Noticed a scorpion
  1232 | D:2      | Noticed a scorpion
  1232 | D:2      | Noticed a wolf spider
  1232 | D:2      | Noticed a redback
  1232 | D:2      | Noticed a redback
  1234 | D:2      | Noticed a redback
  1235 | D:2      | Noticed a water moccasin
  1275 | D:2      | Found a white marble altar of Elyvilon.
  1301 | D:2      | Reached XP level 4. HP: 33/40 MP: 4/4
  1486 | D:2      | Reached skill level 4 in Shields
  2200 | D:2      | Reached skill level 5 in Axes
  2391 | D:3      | Became a worshipper of Beogh the Brigand
  2398 | D:3      | Reached XP level 5. HP: 39/47 MP: 5/5
  2575 | D:3      | Found an iron altar of Okawaru.
  3171 | D:4      | Reached * piety under Beogh
  3171 | D:4      | Reached skill level 6 in Axes
  3171 | D:4      | Reached XP level 6. HP: 49/55 MP: 6/6
  3203 | D:4      | Noticed a sky beast
  3239 | D:4      | Killed a sky beast
  3239 | D:4      | Reached skill level 5 in Fighting
  3359 | D:4      | Found a staircase to the Ecumenical Temple.
  3562 | D:4      | Found a hazy altar of Hepliaklqana.
  3574 | D:4      | Reached skill level 5 in Shields
  3742 | D:4      | Found an ancient bone altar of Kikubaaqudgha.
  4068 | D:5      | Entered Level 5 of the Dungeon
  4068 | D:5      | Noticed a slave
  4068 | D:5      | Noticed a slave
  4068 | D:5      | Noticed a slave
  4068 | D:5      | Noticed a slave
  4070 | D:5      | Noticed Pikel
  4105 | D:5      | Noticed a two-headed ogre
  4655 | D:5      | HP: 2/56 [two-headed ogre/+0 dire flail (16)]
  4656 | D:5      | Killed a two-headed ogre
  4656 | D:5      | Reached skill level 6 in Fighting
  4656 | D:5      | Reached skill level 9 in Axes
  4656 | D:5      | Reached skill level 6 in Shields
  4656 | D:5      | Reached XP level 7. HP: 2/64 MP: 7/7
  4656 | D:5      | Reached XP level 8. HP: 2/71 MP: 8/8
  5200 | D:5      | Killed Pikel
  5200 | D:5      | Reached skill level 7 in Fighting
  5200 | D:5      | Reached skill level 10 in Axes
  5205 | D:5      | Found Uceim's Armour Shop.
  5453 | D:5      | Identified the +6 trident "Hetavyw" {pierce, rF+ Dex+4}
  5459 | D:5      | Reached XP level 9. HP: 68/79 MP: 9/9
  5464 | D:5      | Reached skill level 7 in Shields
  5589 | D:5      | Found a glowing silver altar of Zin.
  6081 | D:6      | Reached ** piety under Beogh
  6218 | D:6      | Reached skill level 11 in Axes
  6302 | D:6      | Reached skill level 8 in Fighting
  6322 | D:6      | Found a shadowy altar of Dithmenos.
  6323 | D:6      | Found a basalt altar of Yredelemnul.
  6585 | D:6      | Found a shattered altar of Ashenzari.
  6588 | D:6      | Found a deep blue altar of Sif Muna.
  6604 | D:6      | Found a radiant altar of Vehumet.
  6605 | D:6      | Found a sparkling altar of Nemelex Xobeh.
  6710 | D:7      | Found a runed translucent gate.
  6710 | D:7      | Found a runed translucent gate.
  6710 | D:7      | Found a runed translucent gate.
  6710 | D:7      | Noticed gramm's ghost (novice CeAK)
  6711 | D:7      | Noticed bnnt9616's ghost (novice TrMo)
  6711 | D:7      | Noticed sleeves's ghost (novice MiCK)
  6711 | D:7      | Noticed DankestMemes's ghost (novice DrWz)
  6901 | D:7      | Found a stormy altar of Qazlal.
  7058 | D:7      | Noticed Duvessa
  7059 | D:7      | Noticed Dowan
  7073 | D:7      | Killed Duvessa
  7075 | D:7      | Killed Dowan
  7403 | D:8      | Reached skill level 12 in Axes
  7418 | D:8      | Reached *** piety under Beogh
  7421 | D:8      | Reached skill level 1 in Invocations
  7423 | D:8      | Reached skill level 8 in Shields
  7468 | D:8      | Reached skill level 2 in Invocations
  7478 | D:8      | Reached XP level 10. HP: 85/90 MP: 11/11
  7577 | D:8      | Reached skill level 9 in Fighting
  7758 | D:8      | Found a staircase to the Lair.
  7781 | D:8      | Reached skill level 3 in Invocations
  7828 | D:8      | Found Jitup's Distillery.
  7905 | D:8      | Reached skill level 13 in Axes
  7907 | D:8      | Gained Bladwarg as an ally
  7926 | D:8      | Bought 2 potions of haste for 260 gold pieces
  7926 | D:8      | Bought a potion of curing for 39 gold pieces
  7926 | D:8      | Bought a potion of might for 52 gold pieces
  8009 | D:8      | Found the +5 scythe "Finisher" {speed, eviscerate}
  8264 | D:9      | Reached skill level 4 in Invocations
  8295 | D:9      | Reached **** piety under Beogh
  8615 | D:9      | Found an opulent altar of Gozag.
  9265 | D:10     | Entered Level 10 of the Dungeon
  9278 | D:10     | Reached skill level 9 in Shields
  9286 | D:10     | Reached skill level 5 in Invocations
  9624 | D:10     | Noticed Josephine
  9634 | D:10     | Killed Josephine
  9634 | D:10     | Reached skill level 10 in Fighting
  9634 | D:10     | Reached skill level 14 in Axes
  9634 | D:10     | Reached XP level 11. HP: 48/99 MP: 5/15
  9641 | D:10     | Reached skill level 6 in Invocations
 10194 | Lair:1   | Entered Level 1 of the Lair of Beasts
 10392 | Lair:1   | Found a white marble altar of Elyvilon.
 10408 | Lair:1   | Noticed an oklob plant
 11377 | Lair:2   | Reached skill level 7 in Invocations
 11385 | Lair:2   | Gained Arbolt as an ally
 11387 | Lair:2   | Reached skill level 15 in Axes
 11393 | Lair:2   | Reached skill level 10 in Shields
 11559 | Lair:2   | Found a staircase to the Swamp.
 12299 | Lair:3   | Reached skill level 11 in Fighting
 12369 | Lair:3   | Found a hole to the Spider Nest.
 12389 | Lair:3   | Reached skill level 8 in Invocations
 12440 | Lair:3   | Reached XP level 12. HP: 79/110 MP: 18/18
 12888 | Lair:4   | Reached ***** piety under Beogh
 13087 | Lair:4   | Reached skill level 16 in Axes
 13107 | Lair:4   | Noticed a death yak
 13107 | Lair:4   | Noticed a death yak
 13107 | Lair:4   | Noticed a death yak
 13108 | Lair:4   | Noticed a death yak
 13108 | Lair:4   | Noticed a death yak
 13108 | Lair:4   | Noticed a death yak
 13117 | Lair:4   | Killed a death yak
 13121 | Lair:4   | Killed a death yak
 13122 | Lair:4   | Killed a death yak
 13128 | Lair:4   | Killed a death yak
 13129 | Lair:4   | Killed a death yak
 13129 | Lair:4   | Reached skill level 9 in Invocations
 13131 | Lair:4   | Killed a death yak
 13137 | Lair:4   | Gained Ogrik as an ally
 13335 | Lair:4   | Reached skill level 11 in Shields
 14275 | Lair:5   | Reached skill level 12 in Fighting
 14287 | Lair:5   | Reached skill level 17 in Axes
 14799 | Lair:5   | Noticed a death yak
 14800 | Lair:5   | Noticed a death yak
 14800 | Lair:5   | Noticed a death yak
 14800 | Lair:5   | Noticed a death yak
 14804 | Lair:5   | Killed a death yak
 14804 | Lair:5   | Reached skill level 10 in Invocations
 14808 | Lair:5   | Killed a death yak
 14808 | Lair:5   | Reached XP level 13. HP: 94/118 MP: 20/20
 14821 | Lair:5   | Found a staircase to the Slime Pits.
 14822 | Lair:5   | Found a viscous altar of Jiyva.
 15277 | Lair:6   | Entered Level 6 of the Lair of Beasts
 15753 | Lair:6   | Reached skill level 18 in Axes
 15900 | Lair:6   | Reached ****** piety under Beogh
 16000 | Lair:6   | Reached skill level 11 in Invocations
 16092 | Lair:6   | Reached skill level 12 in Shields
 16388 | Lair:6   | Reached skill level 1 in Dodging
 16444 | Lair:6   | Found a burning altar of Makhleb.
 16460 | Lair:6   | Reached skill level 4 in Armour
 16466 | Lair:6   | Found a gateway to Hell.
 17056 | D:11     | Reached skill level 2 in Dodging
 17129 | D:11     | Found a runed translucent gate.
 17130 | D:11     | Found a runed translucent gate.
 17131 | D:11     | Found a runed translucent gate.
 17134 | D:11     | Noticed brasw1bg's ghost (journeyman OgHu)
 17135 | D:11     | Found Utum's Antique Weapon Shoppe.
 17143 | D:11     | Killed brasw1bg's ghost
 17150 | D:11     | Got a crystal battleaxe
 17158 | D:11     | Identified the +6 battleaxe "Begu" {chop, rPois Dex+4} (You
                  | found it on level 11 of the Dungeon)
 17234 | D:11     | Reached XP level 14. HP: 117/127 MP: 22/22
 18350 | D:12     | Found a frozen archway.
 18369 | D:12     | Found Ruleb's Magic Scroll Boutique.
 18387 | IceCv    | Entered an ice cave
 18394 | IceCv    | Reached skill level 5 in Armour
 18481 | IceCv    | Reached skill level 13 in Shields
 18694 | IceCv    | HP: 26/127 [ice dragon (6)]
 18702 | IceCv    | HP: 15/127 [ice dragon/blast of cold (20)]
 18708 | IceCv    | HP: 30/127 [ice dragon (8)]
 18714 | IceCv    | Reached skill level 3 in Dodging
 18714 | IceCv    | Reached skill level 12 in Invocations
 19130 | IceCv    | Got a coiled wooden ring
 19669 | D:12     | Identified the cursed ring of Guton {rN+ EV-3} (You found
                  | it in an ice cave)
 20041 | D:12     | Found a snail-covered altar of Cheibriados.
 20320 | D:12     | Found a staircase to the Orcish Mines.
 20638 | D:13     | Reached skill level 6 in Armour
 20920 | D:13     | Found a gate to the Vaults.
 21087 | D:13     | Reached skill level 4 in Dodging
 21800 | D:14     | Reached skill level 14 in Shields
 21898 | D:14     | Got a dazzling plate armour
 21899 | D:14     | Identified the +8 plate armour "Zollitot" {rPois Dex+3
                  | Slay-5} (You found it on level 14 of the Dungeon)
 21961 | D:14     | Found a roughly hewn altar of Beogh.
 21985 | D:14     | Noticed Louise
 21994 | D:14     | Killed Louise
 22143 | D:14     | Reached skill level 7 in Armour
 22319 | D:14     | Reached skill level 13 in Invocations
 22390 | D:14     | Reached XP level 15. HP: 117/134 MP: 24/24
 22630 | Swamp:1  | Entered Level 1 of the Swamp
 22757 | Orc:1    | Entered Level 1 of the Orcish Mines
 22794 | Orc:1    | Noticed Urug
 22804 | Orc:1    | Killed Urug
 23151 | Orc:2    | Entered Level 2 of the Orcish Mines
 23245 | Orc:2    | Found a roughly hewn altar of Beogh.
 23321 | Orc:2    | Found a staircase to the Elven Halls.
 23506 | Orc:2    | Reached skill level 5 in Dodging
 23601 | Orc:2    | Noticed an orc warlord
 23612 | Orc:2    | Killed an orc warlord
 23614 | Orc:2    | HP: 26/134 [orc sorcerer/bolt of fire (25)]
 23619 | Orc:2    | HP: 22/134 [orc knight/+0 glaive (5)]
 23625 | Orc:2    | HP: 12/134 [orc warrior/+0 battleaxe (15)]
 23627 | Orc:2    | HP: 1/134 [orc warrior/+0 battleaxe (11)]
 24195 | Orc:2    | Found a roughly hewn altar of Beogh.
 24270 | Orc:2    | Found Lyraewnaf's General Store.
 24271 | Orc:2    | Found Piesid's Jewellery Shoppe.
 24272 | Orc:2    | Found Aleunaj's Antique Armour Shoppe.
 24272 | Orc:2    | Found Nyxawk's Antique Weapon Emporium.
 24276 | Orc:2    | Bought an ancient cloak for 228 gold pieces
 24286 | Orc:2    | Identified the +1 cloak of Gehenna {rC+} (You bought it in
                  | a shop on level 2 of the Orcish Mines)
 25011 | Swamp:1  | Reached skill level 15 in Shields
 25129 | Swamp:1  | Reached skill level 8 in Armour
 25609 | Swamp:2  | You fall through a shaft!
 25895 | Swamp:2  | Your ally Ogrik died
 25921 | Swamp:2  | Reached skill level 13 in Fighting
 25967 | Swamp:2  | Gained Brandogh as an ally
 26173 | Swamp:2  | Reached skill level 6 in Dodging
 26183 | Swamp:2  | Your ally Brandogh died
 26187 | Swamp:2  | Reached skill level 14 in Invocations
 26202 | Swamp:2  | HP: 33/135 [14-headed hydra (3)]
 26203 | Swamp:2  | Your ally died
 26210 | Swamp:2  | HP: 30/135 [shambling mangrove (2)]
 26576 | Swamp:2  | Reached skill level 9 in Armour
 26605 | Swamp:2  | Killed a thorn hunter
 26609 | Swamp:2  | Killed a thorn hunter
 27476 | Swamp:3  | Reached XP level 16. HP: 99/144 MP: 26/26
 27476 | Swamp:3  | Gained Thorok as an ally
 27689 | Swamp:4  | Entered Level 4 of the Swamp
 27773 | Swamp:4  | Reached skill level 7 in Dodging
 27785 | Swamp:4  | Noticed the 27-headed Lernaean hydra
 27786 | Swamp:4  | Your ally Thorok died
 27799 | Swamp:4  | HP: 29/145 [seven-headed hydra (10)]
 27800 | Swamp:4  | Reached skill level 10 in Armour
 27804 | Swamp:4  | HP: 25/145 [poisoned by a swamp dragon (blast of poison)]
 27812 | Swamp:4  | HP: 12/145 [slime creature (4)]
 28313 | Swamp:4  | Noticed a thorn hunter
 28323 | Swamp:4  | Reached skill level 14 in Fighting
 28327 | Swamp:4  | Reached skill level 15 in Invocations
 28331 | Swamp:4  | Killed a thorn hunter
 28848 | Swamp:4  | HP: 33/146 [eight-headed hydra (7)]
 28877 | Swamp:4  | HP: 33/147 [nine-headed hydra (7)]
 28881 | Swamp:4  | HP: 14/147 [12-headed hydra (7)]
 28881 | Swamp:4  | HP: 4/147 [12-headed hydra (10)]
 28888 | Swamp:4  | Mangled by an alligator

Levels and vault maps discovered:
D:1:      erik_arrival_gehennom, layout_basic, minmay_ruptured
D:2:      layout_loops_corners, elyvilon_altar_1, grunt_ashenzari_visionary
          [grunt_ashenzari_visionary_swamp, grunt_ashenzari_visionary_spider]
D:3:      layout_rooms, first_ration, okawaru_trees_2
D:4:      layout_basic, nicolae_overflow_hidden_temple,
          overflow_temple_1_default, minmay_temple_entry_statues_fountains
D:5:      layout_rooms, zin_statuary, serial_shops, nicolae_shop_trees,
          corner_web_ring, uniq_pikel
D:6:      layout_loops_corners, minitemple,
          chequers_temple_overflow_statue_of_worship
D:7:      layout_loops_ring, grunt_qazlal_clouds, gammafunk_ghost_cemetery,
          uniq_duvessa
D:8:      layout_cave_pods, lair_entry_dummy, serial_shops, shop,
          minmay_guarded_unrand_finisher
D:9:      layout_rooms, grunt_gozag_breadcrumbs, serial_glass, glass_columns_a,
          glass_columns_c
D:10:     layout_rooms, uniq_josephine
D:11:     layout_layer_cave, gammafunk_ghost_necromancy, serial_shops,
          shop_fountains
D:12:     layout_layer_cave, hiddenorc1_lemuel, basic_altar, serial_shops,
          nicolae_shop_crystal, serial_ice, serial_ice_c, serial_ice_e,
          serial_ice_l, serial_ice_n, serial_ice_a, serial_ice_m, serial_ice_g,
          portal_ice_cave_entry_imps
D:13:     layout_roguey, david_vaults_4, serial_bayou, serial_bayou_lagoon_b,
          serial_bayou_pond_d, serial_bayou_pond_e, serial_bayou_crossing,
          hangedman_fish_farm, kennysheep_small_square
D:14:     layout_basic, special_room [special_room_orc], uniq_louise
Lair:1:   statuecave_lemuel, layout_chaotic_city, basic_altar,
          beast_lair_carwin_9, minmay_lair_oklob_chamber, grunt_megastairs_2,
          lemuel_fruit_fields, infiniplex_staircase_pool, lemuel_fruit_tree
Lair:2:   layout_chaotic_city, swamp_mist_pool, beast_lair_carwin_5
Lair:3:   layout_concentric_octagons, nicolae_spider_entry_tight_spaces
Lair:4:   layout_small_grid
Lair:5:   layout_big_grid, slime_altar_1, grunt_forest_large_clearings
Lair:6:   evil_forest, layout_regular_city, grunt_megastairs_3
Swamp:1:  layout_basic_swamp, evilmike_swamp_ruin_rubble_1,
          nicolae_swamp_treefoil
Swamp:2:  nicolae_swamp_phyte_club, layout_basic_swamp,
          nicolae_swamp_trees_clearing, st_swamp_ruins_3
Swamp:3:  layout_falls_marsh, evilmike_swamp_ruin_house_2,
          nicolae_swamp_very_dense_foliage
Swamp:4:  swamp_old_school, layout_basic_swamp, swamp_pool3
Orc:1:    layout_caves, uniq_urug
Orc:2:    st_orc_congregation, layout_caves, basic_altar, bh_open_orc_temple
IceCv:    ice_cave_small_dragons

Skill      XL: |  1  2  3  4  5  6  7  8  9 10 11 12 13 14 15 16 |
---------------+-------------------------------------------------+-----
Axes           | 3 4 5 6 9 10 12 14 15 17 18 | 18.1
Fighting       | 4 6 7 8 10 11 12 13 14 | 14.3
Shields        | 4 6 8 9 10 11 12 14 15 | 15.0
Invocations    | 2 5 8 10 11 13 14 15 | 15.3
Dodging        | 2 4 6 7 |  7.6
Armour         | 4 7 9 10 | 10.6

Action                   |  1- 3 |  4- 6 |  7- 9 | 10-12 | 13-15 | 16-18 || total
-------------------------+-------+-------+-------+-------+-------+-------++-------
Melee: War axe           |   126 |   211 |   103 |   163 |   629 |       ||  1232
       Trident           |       |       |   166 |   295 |       |       ||   461
       Battleaxe         |       |       |       |       |    28 |       ||    28
       Broad axe         |       |       |       |       |   224 |   173 ||   397
Throw: Javelin           |     2 |     6 |    24 |     5 |     3 |       ||    40
Invok: Convert to Beogh  |       |     1 |       |       |       |       ||     1
       Smiting           |       |       |       |     4 |    14 |    11 ||    29
       Give Item to Name |       |       |       |     3 |     1 |       ||     4
       Recall Orcish Fol |       |       |       |     1 |    13 |       ||    14
       Resurrection      |       |       |       |       |     2 |       ||     2
Evoke: Wand              |       |       |       |     1 |       |       ||     1
  Use: Scroll            |       |     3 |     2 |    13 |    21 |     2 ||    41
       Potion            |       |     1 |       |     4 |    12 |       ||    17
 Stab: Distracted        |       |       |       |     4 |    13 |     1 ||    18
       Confused          |       |       |       |       |     2 |     2 ||     4
  Eat: Chunk             |     1 |     9 |     5 |    13 |    20 |       ||    48
       Ration            |       |     1 |     1 |     3 |     6 |     1 ||    12
Armor: Scale mail        |    22 |       |       |       |       |       ||    22
       Chain mail        |    31 |    93 |   106 |   176 |       |       ||   406
       Plate armour      |       |       |       |     6 |   502 |   264 ||   772
       Ice dragon scales |       |       |       |       |     5 |       ||     5
Dodge: Dodged            |    32 |    48 |    48 |   122 |   290 |   116 ||   656
Block: Shield            |    59 |   100 |   107 |   274 |   649 |   245 ||  1434
       Reflection        |       |       |       |       |    28 |     2 ||    30

Table legend:
 A = Non-vault XP
 B = Vault XP
 C = Vault XP percentage of total XP
 D = Non-vault monster count
 E = Vault monster count
 F = Vault count percentage of total count
                 A         B        C        D         E       F
            +---------+---------+-------+---------+---------+-------
      Total |  100747 |   57525 |  36.3 |     639 |     235 |  26.9
            +---------+---------+-------+---------+---------+-------
        D:1 |      35 |      31 |  47.0 |      23 |       9 |  28.1
        D:2 |      90 |       0 |   0.0 |      23 |       0 |   0.0
        D:3 |      61 |       0 |   0.0 |      19 |       0 |   0.0
        D:4 |     357 |       0 |   0.0 |      19 |       0 |   0.0
        D:5 |    1208 |     651 |  35.0 |      20 |       1 |   4.8
        D:6 |     644 |       0 |   0.0 |      12 |       0 |   0.0
        D:7 |     456 |     221 |  32.6 |      24 |       2 |   7.7
        D:8 |    1219 |    1023 |  45.6 |      26 |       5 |  16.1
        D:9 |    1696 |       0 |   0.0 |      36 |       0 |   0.0
       D:10 |     945 |    1347 |  58.8 |      23 |       4 |  14.8
       D:11 |    3650 |    1103 |  23.2 |      35 |       5 |  12.5
       D:12 |    5358 |    1187 |  18.1 |      45 |      32 |  41.6
       D:13 |    6883 |    2939 |  29.9 |      22 |       7 |  24.1
       D:14 |   10439 |    1080 |   9.4 |      41 |       6 |  12.8
     Lair:1 |     881 |    1240 |  58.5 |       6 |       8 |  57.1
     Lair:2 |    3100 |     722 |  18.9 |      14 |       6 |  30.0
     Lair:3 |    1814 |    1520 |  45.6 |       7 |       7 |  50.0
     Lair:4 |    8347 |       0 |   0.0 |      33 |       0 |   0.0
     Lair:5 |    7542 |    3769 |  33.3 |      33 |      35 |  51.5
     Lair:6 |    4713 |    5995 |  56.0 |      23 |      25 |  52.1
    Swamp:1 |    5808 |       0 |   0.0 |      23 |       0 |   0.0
    Swamp:2 |   13538 |    6560 |  32.6 |      47 |       9 |  16.1
    Swamp:3 |    8718 |     951 |   9.8 |      25 |       1 |   3.8
    Swamp:4 |   10566 |   15972 |  60.2 |      28 |      26 |  48.1
      Orc:1 |    1799 |     583 |  24.5 |      19 |       1 |   5.0
      Orc:2 |     880 |    5164 |  85.4 |      13 |      26 |  66.7
      IceCv |       0 |    5467 | 100.0 |       0 |      20 | 100.0
            +---------+---------+-------+---------+---------+-------

Levels and vault maps discovered:
D:1:      erik_arrival_gehennom, layout_basic, minmay_ruptured
D:2:      layout_loops_corners, elyvilon_altar_1, grunt_ashenzari_visionary
          [grunt_ashenzari_visionary_swamp, grunt_ashenzari_visionary_spider]
D:3:      layout_rooms, first_ration, okawaru_trees_2
D:4:      layout_basic, nicolae_overflow_hidden_temple,
          overflow_temple_1_default, minmay_temple_entry_statues_fountains
D:5:      layout_rooms, zin_statuary, serial_shops, nicolae_shop_trees,
          corner_web_ring, uniq_pikel
D:6:      layout_loops_corners, minitemple,
          chequers_temple_overflow_statue_of_worship
D:7:      layout_loops_ring, grunt_qazlal_clouds, gammafunk_ghost_cemetery,
          uniq_duvessa
D:8:      layout_cave_pods, lair_entry_dummy, serial_shops, shop,
          minmay_guarded_unrand_finisher
D:9:      layout_rooms, grunt_gozag_breadcrumbs, serial_glass, glass_columns_a,
          glass_columns_c
D:10:     layout_rooms, uniq_josephine
D:11:     layout_layer_cave, gammafunk_ghost_necromancy, serial_shops,
          shop_fountains
D:12:     layout_layer_cave, hiddenorc1_lemuel, basic_altar, serial_shops,
          nicolae_shop_crystal, serial_ice, serial_ice_c, serial_ice_e,
          serial_ice_l, serial_ice_n, serial_ice_a, serial_ice_m, serial_ice_g,
          portal_ice_cave_entry_imps
D:13:     layout_roguey, david_vaults_4, serial_bayou, serial_bayou_lagoon_b,
          serial_bayou_pond_d, serial_bayou_pond_e, serial_bayou_crossing,
          hangedman_fish_farm, kennysheep_small_square
D:14:     layout_basic, special_room [special_room_orc], uniq_louise
Lair:1:   statuecave_lemuel, layout_chaotic_city, basic_altar,
          beast_lair_carwin_9, minmay_lair_oklob_chamber, grunt_megastairs_2,
          lemuel_fruit_fields, infiniplex_staircase_pool, lemuel_fruit_tree
Lair:2:   layout_chaotic_city, swamp_mist_pool, beast_lair_carwin_5
Lair:3:   layout_concentric_octagons, nicolae_spider_entry_tight_spaces
Lair:4:   layout_small_grid
Lair:5:   layout_big_grid, slime_altar_1, grunt_forest_large_clearings
Lair:6:   evil_forest, layout_regular_city, grunt_megastairs_3
Swamp:1:  layout_basic_swamp, evilmike_swamp_ruin_rubble_1,
          nicolae_swamp_treefoil
Swamp:2:  nicolae_swamp_phyte_club, layout_basic_swamp,
          nicolae_swamp_trees_clearing, st_swamp_ruins_3
Swamp:3:  layout_falls_marsh, evilmike_swamp_ruin_house_2,
          nicolae_swamp_very_dense_foliage
Swamp:4:  swamp_old_school, layout_basic_swamp, swamp_pool3
Orc:1:    layout_caves, uniq_urug
Orc:2:    st_orc_congregation, layout_caves, basic_altar, bh_open_orc_temple
IceCv:    ice_cave_small_dragons

Table legend:
 A = Turns spent in this place as a percentage of turns spent in the entire game.
 B = Non-inter-level travel turns spent in this place as a percentage of non-inter-level travel turns spent in the entire game.
 C = Inter-level travel turns spent in this place as a percentage of turns spent in this place.
 D = Turns resting spent in this place as a percentage of non-inter-level travel turns spent in this place.
 E = Turns spent auto-exploring this place as a percentage of non-inter-level travel turns spent in this place.
 F = Non-inter-level travel turns spent in this place divided by the number of levels of this place that you've seen.
                   A       B       C       D       E      F
               +-------+-------+-------+-------+-------+----------------------
         Total | 100.0 | 100.0 |   6.3 |  25.9 |  42.8 | 1002.7
       Dungeon |  52.0 |  52.3 |   5.8 |  24.5 |  51.3 | 1010.6
          Lair |  23.7 |  23.3 |   7.5 |  16.0 |  37.5 | 1053.2
         Swamp |  13.6 |  13.9 |   4.5 |  36.6 |  27.0 | 938.5
  Orcish Mines |   6.9 |   6.5 |  12.3 |  28.2 |  51.6 | 877.0
      Ice Cave |   3.8 |   4.1 |   0.0 |  60.2 |   3.8 | 1098.0
               +-------+-------+-------+-------+-------+----------------------

Table legend:
 A = Kills in this place as a percentage of kills in entire the game.
 B = Kills by you in this place as a percentage of kills by you in the entire game.
 C = Kills by friends in this place as a percentage of kills by friends in the entire game.
 D = Other kills in this place as a percentage of other kills in the entire game.
 E = Experience gained in this place as a percentage of experience gained in the entire game.
 F = Experience gained in this place divided by the number of levels of this place that you have seen.
                   A       B       C       D       E      F
               +-------+-------+-------+-------+-------+----------------------
         Total | 100.0 | 100.0 | 100.0 | 100.0 | 100.0 | 5861.9
       Dungeon |  50.2 |  58.1 |  38.7 |  40.0 |  26.9 | 3044.5
          Lair |  22.5 |  16.2 |  32.4 |   0.0 |  25.0 | 6607.2
         Swamp |  18.2 |  19.4 |  15.8 |  60.0 |  39.2 | 15528.2
  Orcish Mines |   6.8 |   2.5 |  13.2 |   0.0 |   5.3 | 4213.0
      Ice Cave |   2.3 |   3.8 |   0.0 |   0.0 |   3.5 | 5467.0
               +-------+-------+-------+-------+-------+----------------------
